 Dungeon Crawl Stone Soup version 0.26-a0-257-g47e9e61525 (webtiles) character file.

Game seed: 17258957164744233895

1094 Infinimo the Magician (level 8, -5/52 HPs)
             Began as a Mummy Earth Elementalist on July 10, 2020.
             Killed from afar by an acid dragon (14 damage)
             ... with a splash of acid
             ... on level 6 of the Dungeon.
             The game lasted 00:06:48 (7431 turns).

Infinimo the Magician (Mummy Earth Elementalist)    Turns: 7431, Time: 00:06:48

Health: -5/52      AC:  2    Str: 11    XL:     8   Next: 10%
Magic:  14/18      EV: 12    Int: 16    God:
Gold:   350        SH:  0    Dex: 13    Spells: 17/21 levels left

rFire    x . .     SeeInvis .   h - +1 short sword
rCold    + . .     Faith    .   (no shield)
rNeg     + + +     Spirit   .   c - +0 robe
rPois    ∞         Reflect  .   (no helmet)
rElec    .         Harm     .   (no cloak)
rCorr    .                      (no gloves)
MR       +....                  (no boots)
Stlth    +++.......             (no amulet)
HPRegen  0.17/turn              a - ring of stealth
MPRegen  0.16/turn              (no ring)

@: no status effects
A: no food or potions, fire vulnerability, cold resistance 1, negative energy
resistance 3, torment resistance, unbreathing
a: no special abilities


You were on level 6 of the Dungeon.
You were not hungry.

You visited 2 branches of the dungeon, and saw 7 of its levels.

You collected 350 gold pieces.

Inventory:

Hand Weapons
 h - a +1 short sword (weapon)
Missiles
 b - 166 stones (quivered)
Armour
 c - a +0 robe (worn)
Jewellery
 a - a ring of stealth (left hand)
 g - a +4 ring of evasion {unknown}
 k - an uncursed ring of stealth
 o - the amulet "Obrionyc" {Inacc rF+ MR+, unknown}
   (You found it on level 6 of the Dungeon)

   [amulet of inaccuracy]

   It reduces the accuracy of all your attacks.
   It protects you from fire.
   It affects your resistance to hostile enchantments.
Scrolls
 d - 2 scrolls of identify
 e - a scroll of noise {unknown}
 f - a scroll of enchant armour
 i - 4 scrolls of blinking {unknown}
 j - 2 scrolls of magic mapping {unknown}
 l - a scroll of teleportation {unknown}
 m - a scroll of random uselessness {unknown}
 n - a scroll of brand weapon {unknown}


   Skills:
 - Level 1.5 Dodging
 - Level 1.5 Stealth
 + Level 7.0 Spellcasting
 * Level 1.1 Conjurations
   Level 0.7 Transmutations
 * Level 6.8 Earth Magic


You had 17 spell levels left.
You knew the following spells:

 Your Spells              Type           Power        Failure   Level
a - Sandblast             Erth           ####..       1%          1
b - Stone Arrow           Conj/Erth      ###...       7%          3

Your spell library contained the following spells:

 Spells                   Type           Power        Failure   Level
 Passwall                 Tmut/Erth      ###.....     4%          2
 Lee's Rapid Deconstruct  Erth           ####......   21%         5
 Petrify                  Tmut/Erth      ###.....     26%         4


Dungeon Overview and Level Annotations

Branches:
Dungeon (6/15)             Temple (1/1) D:5

Altars:
Ashenzari
Dithmenos
Elyvilon
Hepliaklqana
Kikubaaqudgha
Makhleb
Nemelex Xobeh
Okawaru
Qazlal
Ru
Sif Muna
Trog
Vehumet
Wu Jian
Xom
Yredelemnul
Zin
The Shining One

Shops:
D:5 =


Innate Abilities, Weirdness & Mutations

You do not eat or drink.
Your flesh is vulnerable to fire.
You are immune to poison.
Your flesh is cold resistant. (rC+)
You are immune to negative energy. (rN+++)
You are immune to unholy pain and torment.
You can survive without breathing.


Message History

Aiming: Sandblast (safe; 1% risk of failure)
Press: ? - help, Shift-Dir - straight line, f - acid dragon
Aim: an acid dragon The blast of sand hits the acid dragon!
The acid dragon is moderately wounded.
b - 167 stones The acid dragon bites you!
* * * LOW HITPOINT WARNING * * *
You can't drink.
Okay, then.
Casting: Sandblast (safe; 1% risk of failure)
Confirm with . or Enter, or press ? or * to list all spells.
Aiming: Sandblast (safe; 1% risk of failure)
Press: ? - help, Shift-Dir - straight line, f/p - acid dragon
Aim: an acid dragon (moderately wounded)
The blast of sand misses the acid dragon.
b - 166 stones The acid dragon spits acid at you.
The splash of acid hits you!
You die...

#....# #....# #....# ######
####....# ...#.### #.....###
...#...# #.....# ...#...# #.....#
...#...##############.....#
...#...#........@D.##.....#
...'.....#########..#.....#
...####.##.....Ta##.#.....#####
#.......#8.#...#.8#......##...##
#.......#...#.#.[$#......#.....#
#.......#.......(.#......#.....#
#......©#..©....$_#©.....'.....#
#.......#.......(?#......#.....#
#.......#...#.#!!$#......#..#####


You could see a troll, an acid dragon (catching breath) and a worker ant.

Vanquished Creatures
  An orc warrior (D:6)
  A sky beast (D:5)
  2 ogres
  2 centaurs (D:5)
  A big kobold (D:2)
  A bullfrog (D:6)
  A scorpion (D:5)
  A jelly (D:6)
  A centaur skeleton (D:5)
  A bullfrog skeleton (D:5)
  An iguana (D:4)
  3 worker ants
  8 adders
  An ooze (D:1)
  An adder zombie (D:6)
  3 worms
  6 dart slugs
  3 leopard geckos
  13 orcs
  2 ball pythons
  7 giant cockroaches
  7 hobgoblins
  4 jackals
  12 kobolds
  4 quokkas
  8 bats
  6 frilled lizards
  6 goblins
  A jackal zombie (D:6)
  A leopard gecko skeleton (D:4)
  16 rats
125 creatures vanquished.

Notes
Turn   | Place    | Note
-------+----------+-------------------------------------------
     0 | D:1      | Infinimo the Mummy Earth Elementalist began the quest for
                  | the Orb.
     0 | D:1      | Reached XP level 1. HP: 13/13 MP: 4/4
    91 | D:1      | Reached skill level 3 in Spellcasting
   150 | D:1      | Reached XP level 2. HP: 5/19 MP: 3/6
  1182 | D:1      | Reached XP level 3. HP: 23/24 MP: 7/7
  1844 | D:2      | Learned a level 3 spell: Stone Arrow
  1882 | D:2      | Found a faded altar of an unknown god.
  2534 | D:2      | Reached XP level 4. HP: 19/30 MP: 5/9
  2773 | D:2      | Noticed a big kobold
  2805 | D:2      | Killed a big kobold
  2805 | D:2      | Reached skill level 4 in Spellcasting
  2805 | D:2      | Reached XP level 5. HP: 14/35 MP: 0/11
  3372 | D:3      | Noticed an ogre
  3412 | D:3      | Killed an ogre
  3414 | D:3      | Reached XP level 6. HP: 40/41 MP: 5/13
  3549 | D:3      | Reached skill level 5 in Spellcasting
  4105 | D:3      | Noticed a moth of wrath
  4107 | D:3      | Found a bloodstained altar of Trog.
  4292 | D:3      | Found a sacrificial altar of Ru.
  4387 | D:4      | Reached skill level 5 in Earth Magic
  5013 | D:5      | Entered Level 5 of the Dungeon
  5016 | D:5      | Reached XP level 7. HP: 32/46 MP: 12/15
  5219 | D:5      | Found Aliloil's Jewellery Shop.
  5255 | D:5      | Reached skill level 6 in Spellcasting
  5789 | D:5      | Found a glowing silver altar of Zin.
  5796 | D:5      | Found a basalt altar of Yredelemnul.
  5882 | D:5      | Found a staircase to the Ecumenical Temple.
  5892 | Temple   | Entered the Ecumenical Temple
  6003 | D:5      | Found an iron altar of Okawaru.
  6599 | D:6      | Found a radiant altar of Vehumet.
  6660 | D:6      | Found a shimmering blue altar of Sif Muna.
  6698 | D:6      | Found a white marble altar of Elyvilon.
  6707 | D:6      | Noticed a troll
  6732 | D:6      | Found a transporter.
  6819 | D:6      | Reached XP level 8. HP: 48/52 MP: 13/18
  6920 | D:6      | Got a coiled steel amulet
  7114 | D:6      | Found a transporter.
  7429 | D:6      | Reached skill level 7 in Spellcasting
  7429 | D:6      | Reached skill level 1 in Conjurations
  7431 | D:6      | Killed from afar by an acid dragon

Illustrated notes

Levels and vault maps discovered:
D:1:      erik_arrival_cave_to_civilisation [erik_arrival_cave_to_hall],
          layout_loops_ring
D:2:      layout_loops_ring, first_ration,
          chequers_ecumenical_altar_simple_redux
D:3:      layout_rooms, tgw_trog, minmay_hedge_maze, minivault_14,
          nicolae_ru_path_of_blood
D:4:      layout_rooms, minmay_bisected
D:5:      layout_basic, okawaru_metal_pillars_1_2,
          amethyst_overflow_temple_binary, minmay_temple_entry_tees,
          serial_shops, shop, chequers_decorated_corner
D:6:      layout_gridville, kennysheep_little_box,
          gammafunk_temple_overflow_arena, basic_altar
Temple:   minmay_freezing_vapour_temple

Skill      XL: |  1  2  3  4  5  6  7  8 |
---------------+-------------------------+-----
Spellcasting   | 3 4 5 6 7 |  7.0
Earth Magic    | 3 4 5 6 |  6.8
Conjurations   | 1 |  1.1
Dodging        | |  1.5
Stealth        | |  1.5
Transmutations | |  0.7

Action                   |  1- 3 |  4- 6 |  7- 9 || total
-------------------------+-------+-------+-------++-------
Melee: Unarmed           |    44 |       |       ||    44
       Whip              |    95 |       |       ||    95
       Short sword       |    11 |    97 |     7 ||   115
 Cast: Sandblast         |    24 |    71 |    62 ||   157
       Stone Arrow       |       |       |     4 ||     4
  Use: Scroll            |     3 |       |       ||     3
 Stab: Sleeping          |     4 |     6 |     1 ||    11
Armor: Robe              |    34 |    31 |     5 ||    70
Dodge: Dodged            |   130 |    98 |    28 ||   256

Table legend:
 A = Non-vault XP
 B = Vault XP
 C = Vault XP percentage of total XP
 D = Non-vault monster count
 E = Vault monster count
 F = Vault count percentage of total count
                 A         B        C        D         E       F
            +---------+---------+-------+---------+---------+-------
      Total |    1428 |     136 |   8.7 |     114 |      11 |   8.8
            +---------+---------+-------+---------+---------+-------
        D:1 |      51 |       3 |   5.6 |      31 |       2 |   6.1
        D:2 |     180 |       0 |   0.0 |      23 |       0 |   0.0
        D:3 |     186 |       9 |   4.6 |      22 |       5 |  18.5
        D:4 |     198 |      31 |  13.5 |      10 |       3 |  23.1
        D:5 |     512 |       0 |   0.0 |       9 |       0 |   0.0
        D:6 |     301 |      93 |  23.6 |      19 |       1 |   5.0
            +---------+---------+-------+---------+---------+-------
